 Dungeon Crawl Stone Soup version 0.30-a0-859-gf88a04b62d (webtiles) character file.

Game seed: 5673052651816058856

404 Dittersdorf the Covered (level 6, 0/40 HPs)
             Began as a Gargoyle Fighter on Mar 6, 2023.
             Slain by an iguana (1 damage)
             ... on level 4 of the Dungeon.
             The game lasted 00:03:32 (3712 turns).

Dittersdorf the Covered (Gargoyle Fighter)          Turns: 3712, Time: 00:03:33

Health: 0/40       AC: 17    Str: 21    XL:     6   Next: 86%
Magic:  6/6        EV:  7    Int:  9    God:
Gold:   204        SH:  4    Dex:  9    Spells: 5/5 levels left

rFire   + . .      SeeInvis .    b - +3 whip
rCold   . . .      Faith    .    c - +0 buckler
rNeg    + . .      Spirit   .    n - +0 chain mail
rPois   ∞          Reflect  .    (no helmet)
rElec   +          Rampage  .    (no cloak)
rCorr   .                        (no gloves)
Will    .....                    w - +2 pair of boots Stlth
                                 (no amulet)
HPRegen 0.26/turn                q - ring of protection from fire
MPRegen 0.10/turn                (no ring)

@: no status effects
A: sickness immunity, AC +4, negative energy resistance 1, electricity
resistance, torment resistance 1, petrification resistance
a: no special abilities


You were on level 4 of the Dungeon.
You visited 1 branch of the dungeon, and saw 4 of its levels.

You collected 269 gold pieces.
You spent 65 gold pieces at shops.

Inventory:

Hand Weapons
 a - a +0 flail
 b - a +3 whip (weapon)
Armour
 c - a +0 buckler (worn)
 n - a +0 chain mail (worn)
 w - a +2 pair of boots (worn)
 y - a +0 plate armour
Jewellery
 q - a ring of protection from fire (left hand)
Scrolls
 e - 3 scrolls of identify {unknown}
 f - 2 scrolls of magic mapping {unknown}
 g - a scroll of enchant weapon {unknown}
 i - a scroll of vulnerability {unknown}
 k - a scroll of noise {unknown}
 l - 2 scrolls of teleportation {unknown}
 m - 2 scrolls of immolation {unknown}
 p - 3 scrolls of enchant armour {unknown}
 t - a scroll of amnesia {unknown}
Potions
 d - 3 potions of might
 h - 3 potions of heal wounds
 j - 3 potions of attraction {unknown}
 o - a potion of flight {unknown}
 r - a potion of invisibility {unknown}
 s - a potion of magic {unknown}
 u - a potion of berserk rage {unknown}
 v - a potion of curing {unknown}
 x - 2 potions of cancellation {unknown}


   Skills:
 + Level 5.0 Fighting
 + Level 3.8 Maces & Flails
 + Level 5.0 Armour
 + Level 4.9 Shields


You had 5 spell levels left.
You didn't know any spells.
Your spell library contained the following spells:

 Spells                   Type           Power      Damage    Failure   Level
 Beastly Appendage        Tmut           0%         N/A       99%         1
 Magic Dart               Conj           0%         1d3       99%         1
 Call Imp                 Summ           0%         N/A       100%        2
 Wereblood                Tmut           0%         N/A       100%        2
 Mephitic Cloud           Conj/Pois/Air  0%         N/A       100%        3
 Spider Form              Tmut/Pois      0%         N/A       100%        3
 Summon Forest            Summ/Tloc      0%         N/A       100%        5
 Summon Mana Viper        Hex/Summ       0%         N/A       100%        5
 Summon Cactus Giant      Summ           0%         N/A       100%        6


Dungeon Overview and Level Annotations

Branches:
Dungeon (4/15)
 Temple: D:4-7

Altars:
Ashenzari
Cheibriados
Kikubaaqudgha
Ru

Shops:
D:1 :!([[

Annotations:
D:3 3 runed translucent doors, Mickster's ghost, amateur DgFi; Zenkrye's ghost, amateur HuCA; benadryl's ghost, amateur DECj


Innate Abilities, Weirdness & Mutations

You are immune to sickness and miasma.
Your stone body is resilient. (AC +4)
You are immune to poison.
You resist negative energy. (rN+)
You are resistant to electric shocks. (rElec)
You are resistant to unholy torment.
You are immune to petrification.


Message History

The iguana is moderately wounded.
The iguana bites you!
You completely miss the iguana.
The iguana is moderately wounded.
The iguana bites you! The worm closely misses you.
You are too injured to fight recklessly!
You are too injured to fight recklessly!
You are too injured to fight recklessly!
You are too injured to fight recklessly!
You are too injured to fight recklessly!
You are too injured to fight recklessly!
You are too injured to fight recklessly!
You are too injured to fight recklessly!
You are too injured to fight recklessly!
You are too injured to fight recklessly!
You are too injured to fight recklessly!
You are too injured to fight recklessly!
You are too injured to fight recklessly!
You are too injured to fight recklessly!
You are too injured to fight recklessly!
You are too injured to fight recklessly!
You are too injured to fight recklessly!
You are too injured to fight recklessly!
You are too injured to fight recklessly!
The iguana attacks as you move away! The iguana closely misses you.
You hit the iguana but do no damage.
The iguana is lightly wounded.
The iguana bites you!
* * * LOW HITPOINT WARNING * * *
You hit the iguana but do no damage.
The iguana is lightly wounded.
The iguana closely misses you.
You closely miss the iguana.
The iguana is lightly wounded.
The iguana bites you!
* * * LOW HITPOINT WARNING * * *
You closely miss the iguana.
The iguana is lightly wounded.
The iguana bites you.
You die...

#...>.......#...#......
####.....:..#..#####...###
.....#....# ##..#....#.#
...)......# ##.##...#.###
#####.....###....###....#.
........w.....##...###..#.
#####...#.############..#.
#..###l# #..#. #...#@##
#..#. ######..#.## #..#.
........### #....
######.†#################.#
#...##......(.#.......
##..##.#####.##.####.#
#.....# #.##.#..... ##.####
#.##.#.##.# #.# #.##.#.#...


You could see an iguana.

Vanquished Creatures
  Sigmund (D:2)
  Terence (D:3)
  Natasha (thrice) (D:3)
  4 gnolls (D:3)
  4 adders
  2 worms
  4 dart slugs
  An orc (D:3)
  6 endoplasms
  2 giant cockroaches
  4 goblins
  9 hobgoblins
  3 quokkas
  9 ball pythons
  6 bats
  5 frilled lizards
  8 kobolds
  2 rats
74 creatures vanquished.

Vanquished Creatures (others)
  4 withered plants (D:3)
4 creatures vanquished.

Grand Total: 78 creatures vanquished

Notes
Turn   | Place    | Note
-------+----------+-------------------------------------------
     0 | D:1      | Dittersdorf the Gargoyle Fighter began the quest for the
                  | Orb.
     0 | D:1      | Reached XP level 1. HP: 14/14 MP: 1/1
   104 | D:1      | Found Munut's Weapon Shoppe.
   207 | D:1      | Reached XP level 2. HP: 16/19 MP: 2/2
   269 | D:1      | Found Viddaush's Book Shop.
   323 | D:1      | Found Nufywn's Distillery.
   349 | D:1      | Bought a potion of heal wounds for 65 gold pieces
   660 | D:1      | Found Bileoneq's Antique Armour Shoppe.
   666 | D:1      | Found Ypnuqugi's Armour Shop.
   938 | D:2      | Reached XP level 3. HP: 17/23 MP: 3/3
   987 | D:2      | Found a faded altar of an unknown god.
  1263 | D:2      | Noticed Sigmund
  1271 | D:2      | Killed Sigmund
  1272 | D:2      | Reached XP level 4. HP: 26/30 MP: 4/4
  1272 | D:2      | Reached XP level 5. HP: 30/34 MP: 5/5
  1574 | D:3      | Found a snail-covered altar of Cheibriados.
  1657 | D:3      | Noticed Terence
  1688 | D:3      | Killed Terence
  1689 | D:3      | Reached XP level 6. HP: 16/39 MP: 6/6
  2118 | D:3      | Found a runed translucent gate.
  2119 | D:3      | Found a runed translucent gate.
  2122 | D:3      | Found a runed translucent gate.
  2123 | D:3      | Noticed benadryl's ghost (amateur DECj)
  2124 | D:3      | Noticed Zenkrye's ghost (amateur HuCA)
  2124 | D:3      | Noticed Mickster's ghost (amateur DgFi)
  2401 | D:3      | Found an ancient bone altar of Kikubaaqudgha.
  2457 | D:3      | Noticed Natasha
  2466 | D:3      | Killed Natasha
  2995 | D:3      | Noticed Natasha
  3003 | D:3      | Killed Natasha
  3018 | D:3      | Noticed Natasha
  3027 | D:3      | Killed Natasha
  3087 | D:3      | Found an ancient bone altar of Kikubaaqudgha.
  3315 | D:3      | Found a snail-covered altar of Cheibriados.
  3453 | D:4      | Found a broken altar of Ashenzari.
  3569 | D:4      | Found a sacrificial altar of Ru.
  3580 | D:4      | Reached skill level 5 in Fighting
  3580 | D:4      | Reached skill level 5 in Armour
  3711 | D:4      | HP: 1/40 [iguana (11)]
  3712 | D:4      | Slain by an iguana

Illustrated notes

Levels and vault maps discovered:
D:1:      dpeg_arrival_shrine, layout_loops_ring, serial_shops, shop,
          nicolae_shop_hallway_stairs, shop, nicolae_lakefront_shop, shop,
          chequers_serial_rivers_large_b
D:2:      layout_rooms, chequers_ecumenical_altar_grove, minmay_heptomino_o4,
          uniq_sigmund
D:3:      minmay_recursive_quarters, layout_loops_ring,
          mainiacjoe_overflow_six_doors_small, general_overflow_altar,
          gammafunk_ghost_cemetery, uniq_natasha, uniq_terence
D:4:      layout_loops_ring, nicolae_ru_sacrificial_ziggurat,
          nicolae_ashenzari_skybound, lemuel_tele_altar

Skill      XL: |  1  2  3  4  5  6 |
---------------+-------------------+-----
Fighting       | 4 5 |  5.0
Maces & Flails | 3 |  3.8
Armour         | 4 5 |  5.0
Shields        | 4 |  4.9

Action                     |  1- 3 |  4- 6 || total
---------------------------+-------+-------++-------
  Melee: Flail             |    47 |       ||    47
         Whip              |    35 |   170 ||   205
 Armour: Scale mail        |    20 |       ||    20
         Chain mail        |    13 |   107 ||   120
  Dodge: Dodged            |    41 |    46 ||    87
  Block: Buckler           |    15 |    27 ||    42

Table legend: (Time is in decaauts)
 A = Elapsed time spent in this place.
 B = Non-inter-level travel time spent in this place.
 C = Inter-level travel time spent in this place.
 D = Time resting spent in this place.
 E = Time spent auto-exploring this place.
 F = Levels seen in this place.
 G = Mean time per level.
                   A        B        C        D        E       F      G
               +--------+--------+--------+--------+--------+-----+--------+
         Total |   3751 |   3677 |     74 |      0 |   3144 |   4 |  937.8 |
       Dungeon |   3751 |   3677 |     74 |      0 |   3144 |   4 |  937.8 |
               +--------+--------+--------+--------+--------+-----+--------+

Top non-repeatable levels by time:
     D:3: 1873 daAuts
     D:1: 929 daAuts
     D:2: 659 daAuts
     D:4: 289 daAuts
